 Dungeon Crawl Stone Soup version 0.18.1-8-gdd0e5ea (webtiles) character file.

4819 georgeearnest the Nimble (level 10, 0/100 HPs)
             Began as a Troll Monk on May 28, 2016.
             Was a Believer of Nemelex Xobeh.
             Slain by a starcursed mass (10 damage)
             ... on level 1 of the Abyss.
             The game lasted 00:19:13 (7067 turns).

georgeearnest the Nimble (Troll Monk)               Turns: 7067, Time: 00:19:14

Health: 0/100      AC:  6    Str: 21    XL:     10   Next: 24%
Magic:  9/9        EV: 15    Int:  6    God:    Nemelex Xobeh [**....]
Gold:   430        SH:  0    Dex: 15    Spells: 0 memorised, 9 levels left

rFire  + . .     SeeInvis .       - Unarmed
rCold  x . .     Gourm    +     w - +1 animal skin
rNeg   . . .     Faith    .     (no shield)
rPois  .         Spirit   .     (helmet restricted)
rElec  .         Dismiss  .     (no cloak)
rCorr  .         Reflect  .     (gloves unavailable)
SustAt .         Harm     .     (boots unavailable)
MR     .....                    e - amulet of regeneration
Stlth  ++........               (no ring)
                                A - ring of fire

@: about to teleport, not resistant to hostile enchantments, unstealthy
A: unfitting armour, claws 3, fast metabolism 3, gourmand, regeneration 2,
shaggy fur 1, tough skin 2
a: Renounce Religion


You were on level 1 of the Abyss.
You worshipped Nemelex Xobeh.
Nemelex Xobeh was pleased with you.
You were full.

You visited 1 branch of the dungeon, and saw 9 of its levels.
You visited the Abyss 1 time.

You collected 430 gold pieces.

Inventory:

Armour
 a - a +0 robe
 w - a +1 animal skin (worn)
Jewellery
 e - an amulet of regeneration (around neck)
 A - a ring of fire (left claw)
 E - a -2 ring of protection
Wands
 o - a wand of random effects (15/48)
 p - a wand of disintegration (13/24)
 I - a wand of heal wounds (2/9)
Scrolls
 d - 2 scrolls of identify
 f - a scroll of enchant weapon
 h - 4 scrolls of remove curse
 k - 2 scrolls of immolation
 q - a scroll of amnesia
 y - a scroll of recharging
 B - 2 scrolls of noise
 C - a scroll of torment {unknown}
 J - a scroll of fear
 K - a scroll of vulnerability {unknown}
Potions
 c - a potion of might
 g - 2 potions of flight
 s - 2 potions of magic {unknown}
 t - a potion of cure mutation {unknown}
 u - 2 potions of mutation {unknown}
 v - a potion of invisibility {unknown}
 z - a potion of ambrosia {unknown}
 H - a potion of agility {unknown}
 L - a potion of resistance {unknown}
 M - a potion of brilliance {unknown}
Books
 D - a book of Flames

   Spells                             Type                      Level
   a - Flame Tongue                   Conjuration/Fire             1
   b - Throw Flame                    Conjuration/Fire             2
   c - Conjure Flame                  Conjuration/Fire             3
   d - Inner Flame                    Hexes/Fire                   3
   e - Sticky Flame                   Conjuration/Fire             4
   f - Fireball                       Conjuration/Fire             5
 F - a Fen Folio

   Spells                             Type                      Level
   a - Corpse Rot                     Necromancy                   2
   b - Stone Arrow                    Conjuration/Earth            3
   c - Leda's Liquefaction            Hexes/Earth                  4
   d - Summon Forest                  Summoning/Translocation      5
   e - Hydra Form                     Transmutation                6
   f - Summon Hydra                   Summoning                    7
Miscellaneous
 j - a plain deck of war {drawn: 10}
 l - a plain deck of war
 m - a plain deck of war
Comestibles
 b - 7 bread rations
 n - 4 meat rations
 r - 3 beef jerkies
 x - 2 slices of pizza
 G - 7 royal jellies


   Skills:
 + Level 6.5 Fighting
 + Level 9.0 Dodging
 + Level 2.7 Stealth
 + Level 8.6 Unarmed Combat
 + Level 0.7 Evocations


You had 9 spell levels left.
You didn't know any spells.

Dungeon Overview and Level Annotations

Branches:
Dungeon (9/15)
 Temple: D:4-7         Lair: D:8-11         Orc: D:9-12

Altars:
Ashenzari
Cheibriados
Dithmenos
Fedhas
Gozag
Kikubaaqudgha
Makhleb
Nemelex Xobeh
Qazlal
Trog
Vehumet
Yredelemnul

Shops:
D:4 [

Annotations:
D:3 barakagiga's ghost, amateur HOFi
D:8 Erolcha; Prince Ribbit
D:9 Joseph


Innate Abilities, Weirdness & Mutations

You are too large for most types of armour.
You have claws for hands.
Your metabolism is lightning-fast.
You like to eat raw meat.
You heal very quickly.
You are covered in fur (AC +1).
You have very tough skin (AC +2).


Message History

You can move again.
The starcursed mass engulfs you but does no damage.
A cacophony of accursed wailing tears at your sanity!
A cacophony of accursed wailing tears at your sanity!
You shrug off the repeated paralysis!
A deafening chorus of shrieks assaults your mind!
* * * LOW HITPOINT WARNING * * *
A deafening chorus of shrieks assaults your mind!
* * * LOW HITPOINT WARNING * * *
A deafening chorus of shrieks assaults your mind!
* * * LOW HITPOINT WARNING * * *
You suddenly lose the ability to move!
You can move again.
Read which item? (? for menu, Esc to quit)
As you read the scroll of teleportation, it crumbles to dust.
You feel strangely unstable.
You feel the power of the Abyss delaying your translocation!
The starcursed mass engulfs you!
You die...
Your body disappears without a glow.

#.R≈
5.....X####.
..#≈≈ .#..
..## .
#≈≈####..X..#
.# ≈. ###XX.#
..≈ . #.X...#
≈≈#. ##..##.#
#≈ ..##XX##
##
.#≈≈.#.#X##
#.≈≈...@##
#.≈≈..###
.#≈≈# #≈


You could see 7 starcursed masses.

Vanquished Creatures
  3 hippogriffs
  Grum (D:9)
  A black bear (D:9)
  2 ice beasts
  2 wolves (D:9)
  6 ogres
  A crocodile (D:9)
  2 centaurs (D:7)
  2 big kobolds
  3 giant frogs
  A wyvern skeleton (D:6)
  5 scorpions
  21 killer bees
  3 howler monkeys (D:9)
  An electric eel (D:8)
  A giant frog zombie (D:5)
  5 crimson imps
  5 hounds
  5 jellies
  Crazy Yiuf (D:2)
  An orc priest (D:9)
  4 worker ants
  3 iguanas
  6 orc wizards
  A hound skeleton (D:6)
  A worker ant zombie (D:8)
  8 adders
  7 gnolls
  A howler monkey skeleton (D:4)
  A shadow imp (D:7)
  4 worms
  2 dart slugs (D:1)
  6 giant geckos
  14 orcs
  A ball python (D:6)
  3 giant cockroaches (D:4)
  6 goblins
  8 hobgoblins
  12 jackals
  A quokka (D:2)
  8 bats
  7 giant newts
  A jackal skeleton (D:5)
  6 kobolds
  4 rats
187 creatures vanquished.

Vanquished Creatures (collateral kills)
  A queen bee (D:8)
  5 killer bees (D:8)
  A kobold (D:8)
7 creatures vanquished.

Grand Total: 194 creatures vanquished

Notes
Turn   | Place    | Note
--------------------------------------------------------------
     0 | D:1      | georgeearnest the Troll Monk began the quest for the Orb.
     0 | D:1      | Reached XP level 1. HP: 22/22 MP: 0/0
    47 | D:1      | Reached XP level 2. HP: 28/29 MP: 1/1
   587 | D:1      | Reached XP level 3. HP: 36/36 MP: 2/2
   925 | D:2      | Found a shadowy altar of Dithmenos.
  1024 | D:2      | Reached skill level 3 in Dodging
  1131 | D:2      | Found a blossoming altar of Fedhas.
  1145 | D:2      | Reached XP level 4. HP: 39/44 MP: 3/3
  1259 | D:2      | Found a radiant altar of Vehumet.
  1399 | D:2      | Found a shattered altar of Ashenzari.
  1480 | D:2      | Noticed Crazy Yiuf
  1486 | D:2      | Killed Crazy Yiuf
  1642 | D:2      | Found a shattered altar of Ashenzari.
  1807 | D:3      | Noticed barakagiga's ghost (amateur HOFi)
  1816 | D:3      | Reached XP level 5. HP: 45/52 MP: 4/4
  1917 | D:3      | Reached skill level 5 in Unarmed Combat
  2030 | D:4      | Noticed an ogre
  2050 | D:4      | Killed an ogre
  2050 | D:4      | Reached skill level 4 in Dodging
  2050 | D:4      | Reached XP level 6. HP: 51/61 MP: 5/5
  2293 | D:4      | Found Igaw Sajad's Armour Emporium.
  2383 | D:4      | Found a basalt altar of Yredelemnul.
  2487 | D:5      | Entered Level 5 of the Dungeon
  2582 | D:5      | Found an opulent altar of Gozag.
  2618 | D:5      | Reached XP level 7. HP: 21/68 MP: 6/6
  2818 | D:6      | Reached skill level 5 in Dodging
  3070 | D:6      | Found a burning altar of Makhleb.
  3308 | D:6      | Reached XP level 8. HP: 68/79 MP: 7/7
  3741 | D:7      | Reached skill level 6 in Dodging
  3766 | D:7      | Reached skill level 5 in Fighting
  4169 | D:7      | Reached XP level 9. HP: 65/88 MP: 8/8
  4229 | D:7      | Reached skill level 7 in Dodging
  4602 | D:7      | Found a stormy altar of Qazlal.
  4604 | D:7      | Found an ancient bone altar of Kikubaaqudgha.
  4674 | D:8      | Noticed Erolcha
  4696 | D:8      | Noticed Joseph
  4703 | D:8      | Found a snail-covered altar of Cheibriados.
  4726 | D:8      | Noticed Prince Ribbit
  4735 | D:8      | Noticed a queen bee
  4741 | D:8      | HP: 4/88 [killer bee (6)]
  5071 | D:9      | Noticed Grum
  5080 | D:9      | Killed Grum
  5186 | D:9      | Found a sparkling altar of Nemelex Xobeh.
  5203 | D:9      | Became a worshipper of Nemelex Xobeh the Trickster
  5203 | D:9      | Received a gift from Nemelex Xobeh
  5203 | D:9      | Reached * piety under Nemelex Xobeh
  5203 | D:9      | Received a gift from Nemelex Xobeh
  5203 | D:9      | Reached ** piety under Nemelex Xobeh
  5314 | D:9      | Reached skill level 8 in Dodging
  5925 | D:8      | Received a gift from Nemelex Xobeh
  6025 | D:8      | Reached XP level 10. HP: 92/98 MP: 9/9
  6245 | D:8      | Found a bloodstained altar of Trog.
  6933 | D:8      | Reached skill level 9 in Dodging
  6960 | D:8      | Cast into level 1 of the Abyss (Erolcha)
  7022 | Abyss:1  | Noticed a starcursed mass
  7042 | Abyss:1  | Found an iron altar of Okawaru.
  7056 | Abyss:1  | Noticed a rakshasa
  7059 | Abyss:1  | Paralysed by accursed screaming for 2 turns
  7066 | Abyss:1  | Paralysed by accursed screaming for 1 turns
  7067 | Abyss:1  | Slain by a starcursed mass

Skill      XL: |  1  2  3  4  5  6  7  8  9 10 |
---------------+-------------------------------+-----
Dodging        | 3 4 5 6 8 9 |  9.0
Fighting       | 3 4 5 6 |  6.5
Unarmed Combat | 5 6 7 8 |  8.6
Stealth        | 2 |  2.7
Evocations     | |  0.7

Action                   |  1- 3 |  4- 6 |  7- 9 | 10-12 || total
-------------------------+-------+-------+-------+-------++-------
Melee: Unarmed           |   101 |   116 |   351 |   101 ||   669
       Punch             |     1 |     3 |    17 |     1 ||    22
Evoke: Deck              |       |       |     6 |     4 ||    10
  Use: Potion            |       |       |     6 |       ||     6
       Scroll            |       |       |    18 |     3 ||    21
 Stab: Sleeping          |     1 |     1 |     2 |       ||     4
       Distracted        |       |       |     1 |     1 ||     2
  Eat: Chunk             |    11 |    18 |    29 |     9 ||    67
Armor: Robe              |    58 |    35 |   111 |     7 ||   211
       Animal skin       |       |       |       |     8 ||     8
Dodge: Dodged            |    79 |    72 |   392 |    88 ||   631
